Map: Terrazze Prion

Players

newbie

  • Race: Zerg Zerg
  • League: Diamond

Fulmicotone - Winner!

  • Race: Terran Terran
  • League: Platinum

VOD

Have the link to the VOD?

Description

Time

  • Played on: Dec. 12, 2015, 7:21 a.m.
  • Length: 18:40
Show
View Real Time Build Order
Export as new Build Order

newbie Zerg 

Build Orders: Hatch First 

Get SALT Encoding   

  12  0:01  Drone  
  13  0:08  Drone  
  14  0:18  Overlord  
  14  0:26  Extractor  
  14  0:28  Extractor  
  12  0:29  Drone  
  12  0:31  Drone  
  16  0:38  Drone  
  17  0:59  Hatchery  
  16  1:13  Spawning Pool  
  15  1:21  Drone x2  
  15  1:22  Drone, Extractor  
  16  1:41  Overlord  
  16  2:01  Queen  
  16  2:02  Zergling x2  
  16  2:03  Zergling x2  
  16  2:05  Drone  
  21  2:12  Queen  
  21  2:14  Drone  
  24  2:19  Drone  
  25  2:31  Drone x2  
  25  2:33  Metabolic Boost  
  25  2:36  Drone  
  28  2:44  Overlord  
  28  2:55  Overlord  
  28  3:04  Baneling Nest  
  27  3:08  Drone x2  
  27  3:09  Overlord  
  29  3:18  Drone x3  
  29  3:19  Drone x2  
  34  3:25  Zergling x4  
  36  3:30  Zergling x4  
  36  3:34  Zergling x4  
  40  3:43  Zergling x4  
  42  3:52  Zergling x4  
  42  3:54  Zergling x2  
  42  3:55  Zergling x4  
  47  4:03  Baneling x2  
  47  4:04  Baneling x4  
  47  4:06  Zergling x6  
  47  4:07  Zergling x2  
  51  4:22  Hatchery  
  50  4:30  Drone x4  
  50  4:31  Drone x2  
  49  4:38  Overlord  
  49  4:42  Overlord  
  49  4:47  Extractor  
  49  4:50  Queen  
  50  4:54  Drone, Extractor  
  50  4:55  Drone x2  
  50  4:56  Drone  
  50  4:58  Drone  
  54  5:04  Drone  
  55  5:16  Lair  
  55  5:18  Drone  
  55  5:19  Drone x4  
  60  5:26  Evolution Chamber  
  55  5:39  Drone x3  
  55  5:40  Drone x2  
  58  5:43  Queen  
  58  5:44  Drone  
  58  5:48  Drone  
  62  5:56  Zergling x4  
  62  5:57  Zergling x12  
  66  6:00  Baneling x4  
  70  6:07  Evolution Chamber, Drone x2  
  71  6:12  Baneling x2  
  71  6:14  Centrifical Hooks  
  71  6:17  Zerg Melee Weapons Level 1  
  71  6:18  Drone  
  71  6:19  Drone  
  71  6:21  Queen  
  75  6:27  Spore Crawler  
  75  6:30  Spore Crawler  
  75  6:31  Overlord x2  
  73  6:33  Drone  
  73  6:39  Spore Crawler  
  72  6:48  Overlord x2  
  72  6:56  Drone x2  
  72  6:57  Zergling x4  
  72  6:58  Zergling x10  
  81  7:03  Zerg Ground Armor Level 1  
  81  7:05  Extractor  
  81  7:07  Baneling x2  
  81  7:08  Baneling x3  
  80  7:09  Overseer  
  80  7:18  Drone x3  
  83  7:33  Infestation Pit  
  83  7:34  Drone x2  
  83  7:36  Drone  
  85  7:40  Zergling x6  
  85  7:41  Extractor, Zergling x14  
  94  7:44  Baneling  
  94  7:45  Baneling x6  
  94  7:46  Baneling  
  94  8:07  Hatchery  
  94  8:09  Drone x3  
  96  8:13  Drone x3  
  96  8:17  Zerg Melee Weapons Level 2  
  99  8:21  Hive, Hatchery  
  99  8:24  Drone  
  99  8:25  Drone x10  
  109  8:30  Extractor  
  108  8:43  Drone x3  
  111  8:55  Pathogen Glands  
  111  8:56  Hatchery  
  111  8:58  Baneling x8  
  111  8:59  Baneling  
  111  9:00  Baneling x2  
  111  9:01  Baneling x3  
  111  9:02  Infestor  
  112  9:20  Baneling x3  
  76  9:34  Zergling x2  
  76  9:35  Zergling x14  
  76  9:36  Zergling x14  
  76  9:37  Zergling x8  
  95  9:43  Infestor x3  
  101  9:47  Drone x2  
  103  9:58  Ultralisk Cavern  
  102  10:01  Baneling x6  
  102  10:02  Baneling x4  
  102  10:05  Drone x10  
  112  10:08  Spore Crawler  
  112  10:10  Extractor  
  112  10:13  Extractor  
  109  10:17  Spore Crawler  
  92  10:38  Drone  
  92  10:39  Drone x3  
  92  10:40  Drone x2  
  98  10:43  Drone  
  98  10:44  Drone x8  
  98  10:48  Baneling  
  98  10:49  Baneling x5  
  107  10:55  Drone x3  
  110  11:02  Hydralisk Den  
  109  11:06  Chitinous Plating  
  109  11:08  Ultralisk x3  
  127  11:17  Spore Crawler  
  126  11:18  Spore Crawler, Spine Crawler  
  126  11:19  Spine Crawler  
  126  11:20  Spine Crawler  
  126  11:24  Drone x2  
  124  11:29  Spore Crawler  
  124  11:30  Drone x4  
  124  11:31  Spore Crawler  
  126  11:35  Hydralisk x2  
  119  11:50  Drone x2  
  119  11:51  Drone x2  
  119  11:52  Drone x2  
  125  11:56  Drone  
  125  11:59  Spore Crawler  
  125  12:00  Spine Crawler  
  124  12:01  Drone x3  
  124  12:02  Spine Crawler x2  
  124  12:06  Spore Crawler  
  124  12:09  Adrenal Glands  
  124  12:12  Zerg Ground Armor Level 2, Zerg Melee Weapons Level 3  
  124  12:13  Overlord x2  
  124  12:14  Overlord  
  124  12:19  Muscular Augments  
  124  12:21  Baneling x5  
  124  12:27  Drone x2  
  124  12:28  Drone x3  
  129  12:31  Spine Crawler  
  129  12:33  Spine Crawler  
  127  12:38  Drone  
  104  12:55  Ultralisk x6, Hydralisk  
  104  12:56  Ultralisk  
  104  12:57  Zergling x6  
  104  12:58  Zergling x14  
  136  12:59  Zergling x2  
  132  13:15  Extractor  
  132  13:17  Extractor  
  130  13:22  Hatchery  
  130  13:23  Zergling x6  
  130  13:24  Ultralisk x2  
  144  13:28  Hydralisk x2  
  148  13:40  Hydralisk  
  150  13:43  Overlord x4  
  150  13:44  Overlord  
  148  13:55  Hydralisk x5  
  55  15:14  Hydralisk  
  55  15:15  Hydralisk x2  
  55  15:16  Ultralisk  
  55  15:17  Ultralisk x6  
  103  15:31  Drone x2  
  103  15:32  Drone  
  103  15:33  Ultralisk  
  103  15:35  Zergling x12  
  117  15:36  Zergling x4  
  102  15:51  Hydralisk Den  
  25  17:32  Hydralisk x3  
  25  17:33  Hydralisk x3  
Show
View Real Time Build Order
Export as new Build Order

Fulmicotone Terran - Winner!

Build Orders: Liberator Opening, Mech 

Get SALT Encoding   

  12  0:01  SCV  
  13  0:13  SCV  
  14  0:17  Supply Depot  
  14  0:25  SCV  
  15  0:39  SCV  
  15  0:41  Barracks  
  16  0:51  SCV, Refinery  
  17  1:03  SCV  
  18  1:15  SCV  
  19  1:36  Marine  
  19  1:37  Orbital Command  
  20  1:51  Command Center  
  20  1:57  Marine  
  20  1:58  Supply Depot  
  21  2:03  SCV  
  21  2:07  Refinery  
  22  2:15  SCV  
  23  2:19  Bunker  
  23  2:21  Marine  
  24  2:27  SCV  
  25  2:32  Factory  
  25  2:39  SCV  
  25  2:40  Barracks Tech Lab  
  26  2:51  SCV  
  26  2:52  Supply Depot  
  27  3:03  SCV  
  28  3:06  Orbital Command  
  28  3:15  SCV  
  28  3:16  Supply Depot  
  29  3:23  Siege Tank  
  32  3:27  SCV  
  32  3:30  Starport  
  32  3:32  SCV  
  34  3:38  Supply Depot  
  34  3:40  SCV  
  35  3:43  Supply Depot  
  35  3:44  SCV  
  36  3:49  Supply Depot  
  36  3:51  Liberator  
  36  3:55  SCV, Siege Tank  
  39  3:58  SCV  
  41  4:08  SCV  
  45  4:13  Factory  
  45  4:14  SCV  
  46  4:18  Refinery  
  46  4:20  SCV  
  47  4:26  SCV  
  48  4:32  SCV  
  49  4:39  Siege Tank  
  52  4:46  Barracks Reactor  
  52  4:48  SCV  
  52  4:49  SCV  
  52  4:51  Command Center  
  52  4:52  Refinery, Liberator  
  54  5:02  SCV x2  
  54  5:05  Hellion  
  58  5:11  Hellion  
  63  5:14  SCV  
  63  5:15  SCV  
  65  5:26  SCV  
  66  5:43  Siege Tank  
  66  5:45  SCV x2  
  66  5:48  Factory  
  71  5:51  Barracks Tech Lab  
  71  5:57  SCV  
  71  5:58  SCV  
  71  6:02  Hellion x2  
  77  6:05  Orbital Command  
  77  6:10  SCV x2  
  77  6:11  Starport Reactor  
  79  6:20  Cyclone  
  79  6:22  SCV  
  79  6:25  Armory  
  83  6:27  Engineering Bay  
  83  6:30  Hellion x2  
  87  6:38  Liberator  
  87  6:50  Orbital Command  
  87  6:52  Cyclone  
  87  6:54  Cyclone  
  93  6:55  Hellion x2  
  100  7:12  SCV  
  101  7:20  Supply Depot  
  101  7:24  Supply Depot  
  101  7:25  Supply Depot  
  101  7:26  Refinery, Terran Vehicle Weapons Level 1  
  101  7:28  SCV x2, Marine  
  101  7:29  Refinery, Bunker  
  107  7:35  Hellion x2  
  107  7:36  SCV  
  109  7:37  Missile Turret  
  109  7:38  Thor  
  109  7:41  Missile Turret  
  109  7:42  Thor  
  121  7:45  SCV x2, Marine  
  121  7:48  SCV  
  125  7:52  Missile Turret  
  125  7:57  SCV x2  
  125  7:58  Missile Turret  
  127  8:02  Liberator x2  
  127  8:04  Missile Turret  
  127  8:05  Marine  
  127  8:06  Missile Turret  
  127  8:07  Missile Turret  
  127  8:10  Missile Turret  
  128  8:17  Missile Turret  
  134  8:23  Marine  
  134  8:26  Thor  
  141  8:36  SCV x3  
  141  8:37  Missile Turret  
  141  8:39  Supply Depot  
  144  8:43  Supply Depot  
  144  8:48  SCV x3, Infernal Pre-Igniter  
  147  8:50  Mag-Field Accelerator  
  147  8:53  Barracks Tech Lab  
  147  8:58  Barracks  
  147  9:00  SCV  
  147  9:01  Siege Tank  
  151  9:03  Liberator x2  
  151  9:12  SCV x2  
  117  9:33  Hellion x3  
  117  9:37  Hellion  
  125  9:39  SCV x2  
  127  9:49  Command Center  
  127  9:51  Missile Turret  
  127  9:53  Missile Turret x2  
  127  9:54  Missile Turret  
  127  10:02  Factory  
  127  10:03  SCV x2  
  127  10:05  Hellion x2  
  127  10:06  Siege Tank x2  
  139  10:10  SCV  
  140  10:15  SCV  
  141  10:26  Liberator x2  
  141  10:31  Hellion x2  
  145  10:38  Siege Tank  
  145  10:41  Siege Tank  
  151  10:44  SCV x2  
  151  10:49  Siege Tank, Refinery x2  
  162  10:52  Barracks Tech Lab  
  162  10:53  Reaper  
  162  10:55  Factory  
  163  11:01  Hellion x2  
  167  11:08  Starport  
  167  11:09  SCV, Planetary Fortress  
  168  11:22  Siege Tank  
  168  11:23  Siege Tank  
  168  11:24  Hellion  
  168  11:25  Hellion  
  180  11:31  Siege Tank  
  181  11:33  Supply Depot x2  
  181  11:35  Supply Depot  
  178  11:50  Hellion x2  
  178  11:52  Liberator x2  
  182  11:59  Siege Tank x2  
  188  12:02  Terran Vehicle Weapons Level 2  
  188  12:07  Siege Tank  
  191  12:09  Armory  
  191  12:10  SCV  
  191  12:11  SCV  
  199  12:18  SCV  
  152  12:56  Siege Tank x2, Liberator x2  
  152  12:57  Hellion, Siege Tank  
  152  12:58  Hellion  
  161  13:05  SCV x3  
  164  13:19  Hellion  
  172  13:20  Starport Tech Lab  
  172  13:27  Hellion  
  172  13:29  SCV x2  
  176  13:40  Hellion  
  178  13:49  Hellion  
  161  13:57  Thor x3  
  161  14:02  Hellion  
  171  14:23  Hellion x2  
  166  14:28  SCV x2  
  165  14:38  SCV x2  
  165  14:40  SCV, Thor x2  
  165  14:41  Hellion  
  165  14:44  Hellion  
  184  14:50  SCV x3  
  187  14:53  SCV  
  188  15:10  Command Center  
  188  15:39  Cyclone x3  
  188  15:40  Hellion  
  195  16:49  SCV x2  
  195  17:20  Hellion  
  195  17:21  SCV x2  
  190  18:25  SCV x2  
Tags
 
Add a new tag
Caveats
  • Supply blocks, unpowered buildings, or Contaminate may cause inaccurate times.
  • Supply counts are checked every 10 seconds.